 Dungeon Sprint DCSS version 0.21.1-1-g345015f (webtiles) character file.

289 Fang the Fighter (level 6, -4/66 HPs)
             Began as a Minotaur Berserker on June 6, 2018.
             Was a Believer of Trog.
             Slain by a slime creature (9 damage)
             ... in the Dungeon (Sprint V: "Ziggurat Sprint").
             The game lasted 00:00:52 (465 turns).

Fang the Fighter (Minotaur Berserker)                Turns: 465, Time: 00:00:53

Health: -4/66      AC:  9    Str: 30    XL:     6   Next: 9%
Magic:  1/5        EV: 12    Int:  4    God:    Trog [**....]
Gold:   0          SH:  0    Dex:  9    Spells: 5/5 levels left

rFire    + . .     SeeInvis .   l - +5 demon trident
rCold    . . .     Gourm    .   (no shield)
rNeg     . . .     Faith    .   a - +2 scale mail {rF+}
rPois    .         Spirit   .   (helmet restricted)
rElec    .         Reflect  .   (no cloak)
rCorr    .         Harm     .   (no gloves)
MR       .....     NoTele   +   (no boots)
Stlth    ..........             (no amulet)
HPRegen  0.21/turn              G - ring of flight
MPRegen  0.09/turn              F - +6 ring of strength

@: confused, berserk cooldown, slowed, very slow
A: retaliatory headbutt, horns 2
a: Berserk, Trog's Hand, Burn Spellbooks, Renounce Religion, Evoke Flight


You were in the Dungeon.
You worshipped Trog.
Trog was pleased with you.
You were not hungry.

You visited 1 branch

Inventory:

Hand Weapons
 k - a +5 executioner's axe
 l - a +5 demon trident (weapon)
Armour
 a - a +2 scale mail of fire resistance (worn)
Jewellery
 F - a +6 ring of strength (right hand)
 G - a ring of flight (left hand)
Wands
 x - a wand of disintegration (7)
 y - a wand of iceblast (7)
 z - a wand of acid (7)
Scrolls
 i - 4 scrolls of blinking
 m - 7 scrolls of fog
 n - a scroll of holy word
 o - 5 scrolls of identify
 p - 5 scrolls of remove curse
 q - 2 scrolls of fear
Potions
 d - 10 potions of curing
 e - 10 potions of heal wounds
 f - 6 potions of haste
 g - 7 potions of magic
 h - 3 potions of berserk rage
 r - 2 potions of brilliance
 s - 2 potions of invisibility
 t - 4 potions of resistance
 u - a potion of experience
 v - 5 potions of agility
 w - 5 potions of might
Comestibles
 c - 7 rations


   Skills:
 + Level 10.0 Fighting
 + Level 9.8(9.9) Axes
 + Level 2.1(6.5) Polearms
 + Level 6.2 Armour
 + Level 4.7 Dodging


You had 5 spell levels left.
You didn't know any spells.

Dungeon Overview and Level Annotations

Branches:
Dungeon (1/1)

Altars:
Ashenzari
Cheibriados
Dithmenos
Elyvilon
Fedhas
Gozag
Hepliaklqana
Kikubaaqudgha
Makhleb
Nemelex Xobeh
Okawaru
Qazlal
Ru
Sif Muna
Trog
Uskayaw
Vehumet
Wu Jian
Xom
Yredelemnul
Zin
The Shining One
Beogh
Jiyva
Lugonu

Annotations:
D 1 transporter


Innate Abilities, Weirdness & Mutations

You reflexively headbutt those who attack you in melee.
You have a pair of horns on your head.


Message History

Your experience leads to an increase in your attributes!
Your base attributes are Str 23, Int 4, Dex 9.
Increase (S)trength, (I)ntelligence, or (D)exterity?
You feel stronger. The slime creature hits you.
* * * LOW HITPOINT WARNING * * *
The golden eye blinks at you.
You are more confused.
The golden eye blinks!
The slime creature hits you.
* * * LOW HITPOINT WARNING * * *
Unknown command.
You bump into the unnaturally hard rock wall.
The golden eye blinks at you. You resist with some effort.
The slime creature misses you. The golden eye blinks at you.
You are more confused.
The slime creature hits you.
* * * LOW HITPOINT WARNING * * *
The slime creature hits you!
You die...

▓▓▓▓▓▓▓▓▓▓▓▓▓
▓.8©8.▓.8©8.▓
▓.|[).▓.....▓
▓.....▓.".[.▓
▓.G...▓.....▓
▓.....▓.....▓
▓.....▓..©..▓
▓..©J@▓▓▓▓▓▓▓
▓▓▓▓▓▓▓


You could see a slime creature and a golden eye.

Vanquished Creatures
  A tarantella (D)
  An eye of draining (D)
  A scorpion (D)
3 creatures vanquished.

Notes
Turn   | Place    | Note
-------+----------+-------------------------------------------
     0 | D        | Found the +6 Majin-Bo {vamp, Archmagi MP+6 Int+6}
     0 | D        | Found the +7 great mace "Firestarter" {inner flame, rF++}
     0 | D        | Fang the Minotaur Berserker began the quest for the Orb.
     0 | D        | Reached XP level 1. HP: 19/19 MP: 0/0
     3 | D        | Found a blossoming altar of Fedhas.
     4 | D        | Found a viscous altar of Jiyva.
     4 | D        | Found a hazy altar of Hepliaklqana.
     4 | D        | Found a transporter.
     4 | D        | Found an opulent altar of Gozag.
     4 | D        | Found an ancient bone altar of Kikubaaqudgha.
     4 | D        | Found a corrupted altar of Lugonu.
    10 | D        | Found a burning altar of Makhleb.
    11 | D        | Found a stormy altar of Qazlal.
    11 | D        | Found a sacrificial altar of Ru.
    11 | D        | Found an iron altar of Okawaru.
    11 | D        | Found a deep blue altar of Sif Muna.
    11 | D        | Found a sparkling altar of Nemelex Xobeh.
    11 | D        | Found a bloodstained altar of Trog.
    73 | D        | Entered arena 2.
    73 | D        | Noticed a scorpion
    73 | D        | Noticed a tarantella
    73 | D        | Found a transporter.
    82 | D        | Killed a tarantella
    82 | D        | Reached skill level 8 in Fighting
    82 | D        | Reached skill level 5 in Armour
    82 | D        | Reached XP level 2. HP: 5/36 MP: 1/1
    82 | D        | Reached XP level 3. HP: 6/41 MP: 2/2
    82 | D        | Reached XP level 4. HP: 7/49 MP: 3/3
    82 | D        | Reached XP level 5. HP: 8/56 MP: 4/4
    89 | D        | Reached skill level 9 in Fighting
    89 | D        | Reached skill level 1 in Polearms
   447 | D        | Entered arena 3.
   447 | D        | Noticed a golden eye
   447 | D        | Noticed an eye of draining
   447 | D        | Noticed a slime creature
   447 | D        | Found a transporter.
   463 | D        | Killed an eye of draining
   463 | D        | Reached ** piety under Trog
   463 | D        | Reached skill level 10 in Fighting
   463 | D        | Reached XP level 6. HP: 18/66 MP: 1/5
   465 | D        | Slain by a slime creature

Skill      XL: |  1  2  3  4  5 |
---------------+----------------+-----
Fighting       | 8 10 | 10.0
Axes           | 8 9 |  9.8
Armour         | 5 6 |  6.2
Dodging        | 4 |  4.7
Polearms       | 2 |  2.1

Action                   |  1- 3 |  4- 6 || total
-------------------------+-------+-------++-------
Melee: Demon trident     |     6 |    10 ||    16
       Headbutt          |     1 |     2 ||     3
Invok: Berserk           |     1 |     1 ||     2
Armor: Shadow dragon sca |     8 |     2 ||    10
       Scale mail        |       |     1 ||     1
Dodge: Dodged            |     1 |     9 ||    10
